 Dungeon Crawl Stone Soup version 0.29-a0-1023-g6ae1a4a2c7 (webtiles) character file.

Game seed: 7996552664220748841

1775 pascalblue the Gusty (level 8, -3/61 HPs)
             Began as a Deep Elf Air Elementalist on Aug 8, 2022.
             Was an Initiate of Sif Muna.
             Slain by Psyche
             ... wielding a +4 dagger of chaos
              (5 damage)
             ... on level 8 of the Dungeon on Aug 11, 2022.
             The game lasted 00:36:45 (8104 turns).

pascalblue the Gusty (Deep Elf Air Elementalist)    Turns: 8104, Time: 00:36:46

Health: -3/61      AC:  7    Str:  5    XL:     8   Next: 80%
Magic:  13/20      EV: 16    Int: 23    God:    Sif Muna [......]
Gold:   491        SH:  0    Dex: 12    Spells: 2/21 levels left

rFire   x . .      SeeInvis .   D - staff of air
rCold   + . .      Faith    +   (no shield)
rNeg    . . .      Spirit   .   a - +0 robe
rPois   .          Reflect  .   (no helmet)
rElec   +          Harm     .   F - +2 cloak "Xamnineu" {Rampage Regen+ rCorr Dex-3}
rCorr   +          Rampage  +   (no gloves)
Will    .....                   c - +1 pair of boots
Stlth   ..........              J - amulet of faith
HPRegen 1.00/turn               K - +4 ring of evasion
MPRegen 0.17/turn               p - ring of ice

@: berserking, hasted, very quick
A: no striking features
a: Renounce Religion


You were on level 8 of the Dungeon.
You worshipped Sif Muna.
Sif Muna was noncommittal.
You visited 2 branches of the dungeon, and saw 9 of its levels.

You collected 491 gold pieces.

Inventory:

Hand Weapons
 k - a +0 dagger
 o - a +5 spectral dagger
Missiles
 s - 17 poisoned darts
 G - 3 silver boomerangs
 L - a curare-tipped dart
Armour
 a - a +0 robe (worn)
 c - a +1 pair of boots (worn)
 F - the +2 cloak "Xamnineu" (worn) {Rampage Regen+ rCorr Dex-3}
   (You acquired it on level 7 of the Dungeon)

   Dex:       It affects your dexterity (-3).
   Regen:     It increases your rate of health regeneration.
   rCorr:     It protects you from acid and corrosion.
   Rampage:   It bestows one free step when moving towards enemies.
Magical Staves
 f - a staff of fire
 D - a staff of air (weapon)
Jewellery
 h - a ring of protection from cold
 m - an amulet of guardian spirit
 p - a ring of ice (right hand)
 J - an amulet of faith (around neck)
 K - a +4 ring of evasion (left hand)
Wands
 q - a wand of flame (28)
 t - a wand of polymorph (1)
 E - a wand of iceblast (2)
Scrolls
 r - 2 scrolls of teleportation
 u - 3 scrolls of fear
 w - 3 scrolls of identify
 x - a scroll of enchant weapon
 H - a scroll of brand weapon
Potions
 b - 3 potions of magic
 d - a potion of haste {unknown}
 e - a potion of lignification {unknown}
 g - 3 potions of curing
 i - 3 potions of mutation
 j - 2 potions of might {unknown}
 l - 3 potions of ambrosia {unknown}
 n - 2 potions of brilliance {unknown}
 v - a potion of degeneration {unknown}
 z - 3 potions of heal wounds
 A - a potion of attraction {unknown}
 B - a potion of resistance {unknown}
 C - 3 potions of invisibility


   Skills:
 - Level 2.4 Dodging
 - Level 2.4 Stealth
 + Level 7.0 Spellcasting
 * Level 6.6 Conjurations
 * Level 6.3 Hexes
 + Level 7.3 Air Magic


You had 2 spell levels left.
You knew the following spells:

 Your Spells              Type           Power      Damage    Failure   Level
a - Shock                 Conj/Air       100%       1d9       1%          1
b - Static Discharge      Conj/Air       57%        3-11/arc  1%          2
c - Tukima's Dance        Hex            37%        N/A       1%          3
d - Slow                  Hex            100%       N/A       1%          1
e - Iskenderun's Battles  Conj           38%        2d9       14%         5
f - Airstrike             Air            29%        2d(5-21)  3%          4
g - Swiftness             Air            58%        N/A       1%          3

Your spell library contained the following spells:

 Spells                   Type           Power      Damage    Failure   Level
 Apportation              Tloc           16%        N/A       8%          1
 Summon Small Mammal      Summ           32%        N/A       8%          1
 Confusing Touch          Hex            37%        N/A       1%          3
 Portal Projectile        Hex/Tloc       44%        N/A       6%          3
 Summon Guardian Golem    Hex/Summ       22%        N/A       6%          3
 Leda's Liquefaction      Hex/Erth       11%        N/A       21%         4
 Call Canine Familiar     Summ           8%         N/A       22%         3
 Ozocubu's Armour         Ice            12%        N/A       22%         3
 Vampiric Draining        Necr           8%         2d6       22%         3
 Summon Mana Viper        Hex/Summ       22%        N/A       50%         5
 Yara's Violent Unravell  Hex/Tmut       11%        3d6       50%         5
 Passage of Golubria      Tloc           8%         N/A       58%         4
 Alistair's Intoxication  Tmut/Pois      5%         N/A       91%         5
 Blade Hands              Tmut           4%         N/A       91%         5
 Summon Forest            Summ/Tloc      4%         N/A       91%         5
 Iron Shot                Conj/Erth      11%        9d3       97%         6
 Summon Cactus Giant      Summ           4%         N/A       100%        6
 Ozocubu's Refrigeration  Ice            6%         4d8       100%        7
 Spellforged Servitor     Conj/Summ      11%        N/A       100%        7


Dungeon Overview and Level Annotations

Branches:
Dungeon (8/15)             Temple (1/1) D:5
   Lair: D:8-11

Altars:
Ashenzari
Cheibriados
Elyvilon
Fedhas
Gozag
Kikubaaqudgha
Makhleb
Nemelex Xobeh
Okawaru
Ru
Sif Muna
Trog
Uskayaw
Vehumet
Zin
The Shining One

Annotations:
D:8 Psyche


Message History

Psyche drinks a potion.
Psyche flickers and vanishes!
Deactivating autopickup; reactivate with Ctrl-A.
Something completely misses you.
You barely miss something. You punch something. Something hits you!
Something burns you.
Casting: Shock (safe; 1% risk of failure)
Confirm with . or Enter, or press ? or * to list all spells.
You feel a surge of power!
Something is struck by an arc of lightning.
You resist.
You are struck by an arc of lightning.
The lightning grounds out.
Something hits you.
You feel yourself speed up.
Casting: Static Discharge (safe; 1% risk of failure)
Confirm with . or Enter, or press ? or * to list all spells.
You feel a surge of power!
Something is struck by an arc of lightning.
You resist.
You are struck by an arc of lightning.
Something is struck by an arc of lightning!
You resist.
You are struck by an arc of lightning.
Something is struck by an arc of lightning.
You resist.
You are struck by an arc of lightning.
Something hits you!
A red film seems to cover your vision as you go berserk!
You feel yourself moving faster!
You feel mighty!
You miss something. Something hits you.
You barely miss something. Something hits you.
* * * LOW HITPOINT WARNING * * *
You completely miss something. Something hits you!
* * * LOW HITPOINT WARNING * * *
Something tries to affect you, but you resist.
You barely miss something.
You hear some strange, mumbled words.
Something hits you.
* * * LOW HITPOINT WARNING * * *
You miss something. Something barely misses you.
You hit something. Something hits you.
* * * LOW HITPOINT WARNING * * *
Something freezes you.
* * * LOW HITPOINT WARNING * * *
You are too berserk!
You miss something. Something hits you.
You die...

....)..##'####+####+####
.......#.........#
.......
.......#.........#
.......
.......#.........#
..@....
.......#.........# .....
.......#.........# ....
.......#+#####...# ..#
#####... #'####..##
#..@{....# #........#
#........# #.###+####
#+#


There were no monsters in sight!

Vanquished Creatures
  Maurice (D:8)
  2 ogres
  2 kobold brigands (D:7)
  A bullfrog (D:6)
  2 scorpions
  3 wights (D:6)
  2 howler monkeys (D:8)
  2 hounds
  A jelly (D:6)
  3 orc priests
  Jessica (D:2)
  3 iguanas
  4 orc wizards
  Robin (D:4)
  10 adders
  2 gnolls (D:2)
  A white imp (D:7)
  An ufetubus (D:5)
  3 dart slugs
  15 orcs
  11 endoplasms
  9 giant cockroaches
  19 goblins
  6 hobgoblins
  4 jackals (D:3)
  14 kobolds
  4 quokkas
  6 ball pythons
  4 bats
  2 frilled lizards (D:1)
  5 rats
144 creatures vanquished.

Vanquished Creatures (collateral kills)
  A black bear (D:7)
  An orc (D:7)
2 creatures vanquished.

Grand Total: 146 creatures vanquished

Notes
Turn   | Place    | Note
-------+----------+-------------------------------------------
     0 | D:1      | pascalblue the Deep Elf Air Elementalist began the quest
                  | for the Orb.
     0 | D:1      | Reached XP level 1. HP: 10/10 MP: 6/6
   409 | D:1      | Reached XP level 2. HP: 15/15 MP: 6/8
   767 | D:1      | Reached XP level 3. HP: 13/19 MP: 0/10
  1090 | D:1      | Learned a level 2 spell: Static Discharge
  1094 | D:1      | Learned a level 3 spell: Tukima's Dance
  1096 | D:1      | Learned a level 1 spell: Slow
  1292 | D:2      | Found a blossoming altar of Fedhas.
  1435 | D:2      | Noticed Jessica
  1480 | D:2      | Killed Jessica
  1481 | D:2      | Reached skill level 1 in Hexes
  1481 | D:2      | Reached XP level 4. HP: 24/24 MP: 5/11
  2838 | D:3      | Found a sacrificial altar of Ru.
  2982 | D:3      | Reached XP level 5. HP: 22/28 MP: 7/13
  3759 | D:4      | Found a sparkling altar of Nemelex Xobeh.
  3766 | D:4      | Noticed an ogre
  3774 | D:4      | Killed an ogre
  3775 | D:4      | Reached skill level 5 in Air Magic
  3775 | D:4      | Reached XP level 6. HP: 32/32 MP: 7/14
  3814 | D:4      | Noticed Robin
  3831 | D:4      | Killed Robin
  4531 | D:5      | Entered Level 5 of the Dungeon
  4651 | D:5      | Found a glowing golden altar of the Shining One.
  4732 | D:5      | Reached skill level 5 in Spellcasting
  4931 | D:5      | Learned a level 5 spell: Iskenderun's Battlesphere
  4994 | D:5      | Found a staircase to the Ecumenical Temple.
  5340 | D:5      | Reached XP level 7. HP: 36/36 MP: 13/16
  5531 | D:6      | Identified a scroll of acquirement
  5531 | D:6      | Acquired a staff of air
  5744 | D:6      | Found an iron altar of Okawaru.
  6309 | D:6      | Found an opulent altar of Gozag.
  6324 | D:6      | Found a broken altar of Ashenzari.
  6684 | D:6      | Reached skill level 5 in Conjurations
  6684 | D:6      | Reached XP level 8. HP: 25/41 MP: 5/19
  7004 | Temple   | Entered the Ecumenical Temple
  7021 | Temple   | Became a worshipper of Sif Muna the Loreminder
  7434 | D:7      | Acquired the +2 cloak "Xamnineu" {Rampage Regen+ rCorr
                  | Dex-3}
  7458 | D:7      | Reached skill level 5 in Hexes
  7569 | D:7      | Upgraded the game from 0.29-a0-1009-g60c99734e7 to
                  | 0.29-a0-1023-g6ae1a4a2c7
  7767 | D:7      | Learned a level 4 spell: Airstrike
  7771 | D:7      | Learned a level 3 spell: Swiftness
  7827 | D:8      | Noticed Maurice
  7882 | D:8      | Killed Maurice
  7953 | D:8      | Noticed Psyche
  8103 | D:8      | HP: 2/61 [something (5)]
  8104 | D:8      | Slain by Psyche

Illustrated notes

Levels and vault maps discovered:
D:1:      lemuel_arrival_river_ford, layout_loops_ring
D:2:      layout_basic, basic_altar, minmay_worlds_worst_comb, uniq_jessica
D:3:      layout_loops_corners, nicolae_ru_path_of_blood, minmay_crystal_room
D:4:      layout_cave_pools, nicolae_overflow_crystal_walls,
          serial_column_ruins, column_ruins_square_large,
          column_ruins_columns_water, column_ruins_grid_4, column_ruins_grid_2,
          column_ruins_grid_1, column_ruins_grid_1, kennysheep_generic_room_12,
          uniq_robin
D:5:      layout_basic, tso_altar, temple_doors_e, serial_curves,
          eino_curves_01, eino_curves_02, eino_curves_02, eino_curves_03
D:6:      layout_basic, kennysheep_okawaru_gauntlet,
          mainiacjoe_overflow_catwalk_spiral
D:7:      layout_basic
D:8:      layout_gridville, lemuel_tele_altar, uniq_psyche, uniq_joseph,
          uniq_maurice
Temple:   nicolae_temple_x_marks_the_god

Skill      XL: |  1  2  3  4  5  6  7  8 |
---------------+-------------------------+-----
Conjurations   | 2 3 5 6 |  6.6
Hexes          | 1 2 3 4 6 |  6.3
Air Magic      | 4 5 6 7 |  7.3
Spellcasting   | 4 5 6 7 |  7.0
Dodging        | |  2.4
Stealth        | |  2.4

Action                   |  1- 3 |  4- 6 |  7- 9 || total
-------------------------+-------+-------+-------++-------
Melee: Unarmed           |     6 |       |       ||     6
       Punch             |     1 |       |     1 ||     2
       Dagger            |       |     9 |       ||     9
       Staff             |       |       |    18 ||    18
 Cast: Shock             |    70 |   131 |   101 ||   302
       Slow              |     2 |       |     1 ||     3
       Static Discharge  |       |     2 |    12 ||    14
  Use: Scroll            |       |     9 |     7 ||    16
Armor: Robe              |     6 |     4 |    13 ||    23
Dodge: Dodged            |    16 |    10 |    34 ||    60

Table legend: (Time is in decaauts)
 A = Elapsed time spent in this place.
 B = Non-inter-level travel time spent in this place.
 C = Inter-level travel time spent in this place.
 D = Time resting spent in this place.
 E = Time spent auto-exploring this place.
 F = Levels seen in this place.
 G = Mean time per level.
                   A        B        C        D        E       F      G
               +--------+--------+--------+--------+--------+-----+--------+
         Total |   8107 |   7749 |    358 |    460 |   6400 |   9 |  900.8 |
       Dungeon |   8077 |   7730 |    347 |    460 |   6397 |   8 | 1009.6 |
        Temple |     29 |     19 |     10 |      0 |      3 |   1 |   29.0 |
               +--------+--------+--------+--------+--------+-----+--------+

Top non-repeatable levels by time:
     D:6: 1509 daAuts
     D:1: 1292 daAuts
     D:3: 1108 daAuts
     D:4: 1077 daAuts
     D:2: 1056 daAuts
     D:5: 1024 daAuts
     D:7: 720 daAuts
     D:8: 288 daAuts
  Temple: 29 daAuts
